 Dungeon Crawl Stone Soup version 0.25-a0-460-g4f2eb97ec1 (webtiles) character file.

Game seed: 18093408920998992844, levelgen mode: deterministic

1596 Eurus the Magician (level 8, -2/60 HPs)
             Began as a Mummy Conjurer on Feb 3, 2020.
             Was an Initiate of Ashenzari.
             Slain by a wight
             ... wielding a +2 dire flail
              (5 damage)
             ... on level 6 of the Dungeon.
             The game lasted 00:21:14 (7258 turns).

Eurus the Magician (Mummy Conjurer)                 Turns: 7258, Time: 00:21:15

Health: -2/60      AC: 14    Str: 11    XL:     8   Next: 62%
Magic:  19/19      EV: 12    Int: 16    God:    Ashenzari [......]
Gold:   359        SH:  0    Dex: 13    Spells: 18/21 levels left

rFire    x . .     SeeInvis .   y - +2 quarterstaff (protect) (curse)
rCold    + . .     Gourm    .   (shield currently unavailable)
rNeg     + + +     Faith    .   v - +3 leather armour
rPois    ∞         Spirit   .   (no helmet)
rElec    .         Reflect  .   (no cloak)
rCorr    .         Harm     .   (no gloves)
MR       +....                  u - +0 pair of boots
Stlth    ++........             x - amulet of magic regeneration
HPRegen  0.20/turn              l - ring of wizardry
MPRegen  0.41/turn              s - +1 ring of evasion

@: about to teleport, protection aura
A: no food or potions, fire vulnerability, cold resistance 1, negative energy
resistance 3, torment resistance, unbreathing
a: Curse Item, Renounce Religion


You were on level 6 of the Dungeon.
You worshipped Ashenzari.
Ashenzari was noncommittal.
You were not hungry.

You visited 2 branches of the dungeon, and saw 8 of its levels.

You collected 359 gold pieces.

Inventory:

Hand Weapons
 y - a cursed +2 quarterstaff of protection (weapon)
Armour
 u - a +0 pair of boots (worn)
 v - a +3 leather armour (worn)
 z - a +0 buckler
Jewellery
 b - an uncursed ring of protection from fire
 k - a +2 amulet of reflection
 l - a ring of wizardry (left hand)
 o - an uncursed amulet of regeneration
 s - a +1 ring of evasion (right hand)
 x - an amulet of magic regeneration (around neck)
Wands
 n - a wand of enslavement (8)
 p - a wand of iceblast (4)
 w - a wand of acid (12)
Scrolls
 c - a scroll of fog
 d - 4 scrolls of enchant weapon
 e - a scroll of identify
 f - 3 scrolls of amnesia
 g - 2 scrolls of blinking
 h - a scroll of fear
 i - 5 scrolls of teleportation
 j - 3 scrolls of remove curse


   Skills:
 - Level 4.0 Fighting
 + Level 3.0 Staves
 + Level 3.1 Armour
 - Level 1.5 Dodging
 - Level 1.5 Stealth
 + Level 7.4 Spellcasting
 + Level 5.8 Conjurations
 - Level 0.5 Evocations


You had 18 spell levels left.
You knew the following spells:

 Your Spells              Type           Power        Failure   Level  Hunger
a - Magic Dart            Conj           ###.         1%          1    N/A
b - Searing Ray           Conj           ###...       1%          2    N/A

Your spell library contained the following spells:

 Spells                   Type           Power        Failure   Level  Hunger
 Dazzling Flash           Conj/Hex       ###...       6%          3    N/A
 Fulminant Prism          Conj/Hex       ###.......   17%         4    N/A
 Iskenderun's Mystic Bla  Conj/Tloc      ###.....     17%         4    N/A

Dungeon Overview and Level Annotations

Branches:
Dungeon (7/15)             Temple (1/1) D:5

Altars:
Ashenzari
Cheibriados
Elyvilon
Gozag
Hepliaklqana
Kikubaaqudgha
Makhleb
Nemelex Xobeh
Okawaru
Qazlal
Ru
Trog
Uskayaw
Vehumet
Wu Jian
Xom
Yredelemnul
The Shining One


Innate Abilities, Weirdness & Mutations

You do not eat or drink.
Your flesh is vulnerable to fire.
You are immune to poison.
Your flesh is cold resistant. (rC+)
You are immune to negative energy. (rN+++)
You are immune to unholy pain and torment.
You can survive without breathing.


Message History

The wight hits you from afar with a +0 halberd!
There is a stone staircase leading up here.
The wight hits you with a +4 great sword!
* * * LOW HITPOINT WARNING * * *
The wight misses you. The wight closely misses you.
The wight hits you but does no damage.
You climb upwards.
There is a stone staircase leading down here.
As you read the scroll of teleportation, it crumbles to dust.
You feel strangely unstable. The wight misses you.
The wight hits you with a +2 dire flail!
* * * LOW HITPOINT WARNING * * *
You hit the wight.
Your weapon exudes an aura of protection.
The wight is lightly damaged.
The wight closely misses you. x2
You barely miss the wight.
The wight is lightly damaged.
The wight hits you with a +2 dire flail.
You die...

##..#...###.#
########..##.##
#(#
..).......##.#
#.#
.##......[...#
#.#
....###.....##
##.# ....#
#.....# #..#
###.###.#...#
#.## #.....##.##
#z# ###.####.#
#@# # #.# #.#
#z# ##### #.#
#.# #.# #....
#####.####.###
#.# #.###
#.......(....#
#.# ########.#
#.########.#.#
#.# ##........#
#.# #.#.#
#.####...#####.#
#.########.#.#
#..........)...#
#.##.....#.#.#
######..)#####.#


You could see 2 wights.

Vanquished Creatures
  Grinder (D:5)
  Menkaure (D:4)
  An ogre (D:6)
  2 bullfrogs
  A water moccasin skeleton (D:4)
  5 wights (D:6)
  A howler monkey (D:5)
  A crimson imp (D:6)
  A bullfrog zombie (D:5)
  A jelly (D:6)
  4 hounds
  A centaur skeleton (D:4)
  3 orc priests
  A bullfrog skeleton (D:6)
  3 worker ants
  4 orc wizards
  14 adders
  2 oozes
  An adder skeleton (D:6)
  16 orcs
  3 ball pythons
  7 giant cockroaches
  7 goblins
  10 hobgoblins
  10 jackals
  10 kobolds
  8 bats
  7 frilled lizards
  2 jackal skeletons
  3 quokka skeletons
  6 rats
137 creatures vanquished.

Notes
Turn   | Place    | Note
-------+----------+-------------------------------------------
     0 | D:1      | Eurus the Mummy Conjurer began the quest for the Orb.
     0 | D:1      | Reached XP level 1. HP: 13/13 MP: 4/4
   132 | D:1      | Reached skill level 3 in Spellcasting
   134 | D:1      | Reached XP level 2. HP: 20/20 MP: 1/6
   140 | D:1      | Learned a level 2 spell: Searing Ray
   245 | D:1      | Reached skill level 1 in Fighting
   574 | D:1      | Reached XP level 3. HP: 22/26 MP: 3/7
  1859 | D:2      | Reached XP level 4. HP: 33/33 MP: 4/9
  2065 | D:2      | Reached skill level 4 in Spellcasting
  3098 | D:3      | Reached XP level 5. HP: 39/39 MP: 7/11
  3941 | D:4      | Reached skill level 5 in Spellcasting
  3941 | D:4      | Reached XP level 6. HP: 31/47 MP: 1/13
  4125 | D:4      | Noticed Menkaure
  4741 | D:5      | Entered Level 5 of the Dungeon
  4798 | D:5      | Noticed Grinder
  4853 | D:5      | Found an opulent altar of Gozag.
  5000 | D:5      | Paralysed by Grinder for 5 turns
  5265 | D:5      | Found a staircase to the Ecumenical Temple.
  5274 | Temple   | Entered the Ecumenical Temple
  5576 | Temple   | Became a worshipper of Ashenzari the Shackled
  5737 | D:5      | Reached XP level 7. HP: 54/54 MP: 11/15
  5937 | D:6      | Reached skill level 1 in Armour
  6131 | D:6      | Reached skill level 1 in Staves
  6131 | D:6      | Reached skill level 6 in Spellcasting
  6131 | D:6      | Reached skill level 5 in Conjurations
  6543 | D:6      | Reached XP level 8. HP: 49/60 MP: 11/17
  7012 | D:5      | Killed Grinder
  7012 | D:5      | Reached skill level 7 in Spellcasting
  7075 | D:4      | Killed Menkaure
  7256 | D:6      | HP: 2/60 [wight/+2 dire flail (11)]
  7258 | D:6      | Slain by a wight

Levels and vault maps discovered:
D:1:      giann_wishing_wells, layout_loops_corners
D:2:      layout_basic
D:3:      layout_rooms, first_ration, minmay_misc_feat_roman
D:4:      layout_rooms, serial_glass, glass_columns_c, glass_columns_c,
          glass_columns_b, glass_columns_b, minmay_box_of_dots, uniq_menkaure
D:5:      layout_cave_pools, grunt_gozag_breadcrumbs, lemuel_temple_firewalk_a,
          uniq_grinder
D:6:      layout_loops_ring, grunt_decor_cap, minmay_stone_trees_medium
D:7:      layout_basic, lemuel_round_altar, grunt_dithmenos_shadows,
          grunt_ogre_cave, cheibriados_altar_1
Temple:   minmay_temple_bridge_d

Skill      XL: |  1  2  3  4  5  6  7  8 |
---------------+-------------------------+-----
Spellcasting   | 3 4 5 6 7 |  7.4
Fighting       | 1 2 3 4 |  4.0
Conjurations   | 4 5 |  5.8
Armour         | 2 3 |  3.1
Staves         | 1 3 |  3.0
Dodging        | |  1.5
Stealth        | |  1.5
Evocations     | |  0.5

Action                   |  1- 3 |  4- 6 |  7- 9 || total
-------------------------+-------+-------+-------++-------
Melee: Unarmed           |     3 |       |       ||     3
       Dagger            |    65 |    51 |       ||   116
       Short sword       |       |    58 |    16 ||    74
       Quarterstaff      |       |       |    40 ||    40
 Cast: Magic Dart        |    34 |    70 |    28 ||   132
       Searing Ray       |     4 |    18 |    21 ||    43
Invok: Curse Item        |       |       |     1 ||     1
  Use: Scroll            |       |       |    10 ||    10
 Stab: Sleeping          |     1 |       |     1 ||     2
Armor: Robe              |    14 |    12 |       ||    26
       Leather armour    |       |     4 |    23 ||    27
Dodge: Dodged            |    54 |    79 |    55 ||   188
Block: Other             |       |     2 |       ||     2

Table legend:
 A = Non-vault XP
 B = Vault XP
 C = Vault XP percentage of total XP
 D = Non-vault monster count
 E = Vault monster count
 F = Vault count percentage of total count
                 A         B        C        D         E       F
            +---------+---------+-------+---------+---------+-------
      Total |    1782 |     498 |  21.8 |     132 |       5 |   3.6
            +---------+---------+-------+---------+---------+-------
        D:1 |      51 |       0 |   0.0 |      28 |       0 |   0.0
        D:2 |      96 |       0 |   0.0 |      28 |       0 |   0.0
        D:3 |      72 |       0 |   0.0 |      24 |       0 |   0.0
        D:4 |     361 |     221 |  38.0 |      15 |       4 |  21.1
        D:5 |     191 |     277 |  59.2 |       6 |       1 |  14.3
        D:6 |     974 |       0 |   0.0 |      29 |       0 |   0.0
        D:7 |      37 |       0 |   0.0 |       2 |       0 |   0.0
            +---------+---------+-------+---------+---------+-------
